 Dungeon Crawl Stone Soup version 0.30-a0-322-g102857c98e (webtiles) character file.

Game seed: 13787748025329521400

46 ryw the Trooper (level 3, -1/30 HPs)
             Began as a Demonspawn Monk on Oct 28, 2022.
             Succumbed to their own poison gas
             ... on level 1 of the Dungeon.
             The game lasted 00:02:11 (1593 turns).

ryw the Trooper (Demonspawn Monk)                   Turns: 1593, Time: 00:02:12

Health: -1/30      AC:  2    Str: 11    XL:     3   Next: 46%
Magic:  3/3        EV: 13    Int: 13    God:
Gold:   43         SH:  0    Dex: 17    Spells: 2/2 levels left

rFire   . . .      SeeInvis .    h - +0 dagger
rCold   x . .      Faith    .    (no shield)
rNeg    . . .      Spirit   .    a - +0 robe
rPois   .          Reflect  .    (no helmet)
rElec   .          Harm     .    (no cloak)
rCorr   .          Rampage  .    (no gloves)
Will    .....                    (no boots)
Stlth   +++.......               (no amulet)
HPRegen 0.25/turn                (no ring)
MPRegen 0.08/turn                (no ring)

@: lethally poisoned (-1 -> -20)
A: thin skeletal structure 1, cold vulnerability 1
a: no special abilities


You were on level 1 of the Dungeon.
You visited 1 branch of the dungeon, and saw 2 of its levels.

You collected 43 gold pieces.

Inventory:

Hand Weapons
 h - a +0 dagger (weapon)
Armour
 a - a +0 robe (worn)
Jewellery
 f - a ring of willpower
Scrolls
 d - a scroll of immolation {unknown}
 e - a scroll of silence {unknown}
Potions
 b - 3 potions of curing


   Skills:
 + Level 4.2 Fighting
 - Level 2.6 Dodging
 + Level 2.3 Stealth
 - Level 2.6 Unarmed Combat


You had 2 spell levels left.
You didn't know any spells.
Your spell library was empty.

Dungeon Overview and Level Annotations

Branches:
Dungeon (2/15)

Altars:

Annotations:
D:1 Terence


Innate Abilities, Weirdness & Mutations

You have a somewhat thin skeletal structure. (Dex +2, Stealth+)
You are vulnerable to cold. (rC-)


Message History

A rat, a kobold, a dart slug and Terence come into view.
Found a scroll labelled IVUHIEGEYRE and a scroll labelled WELIOR DEZUN.
Terence moves out of view.
You see here a viscous dark potion.
You see here a +0 dagger.
h - a +0 dagger Terence closely misses you.
There is a stone staircase leading up here.
Terence closely misses you.
You climb upwards.
There is a stone staircase leading down here.
h - a +0 dagger (weapon)
Terence misses you.
It was a potion of curing.
You feel better. Terence barely misses you.
It was a potion of mutation.
You feel extremely strange.
You feel vulnerable to cold. Terence closely misses you.
You hit Terence but do no damage. Terence hits you with a +0 flail!
You hit Terence but do no damage. Terence barely misses you.
You hit Terence but do no damage. Terence closely misses you.
Unknown command.
The air fills with toxic fumes!
As you read the scroll labelled WELIOR DEZUN, it crumbles to dust.
It was a scroll of poison.
Terence barely misses you.
You barely miss Terence. Terence barely misses you.
You hit Terence but do no damage. Terence completely misses you.
Really walk into that cloud of poison gas?
Okay, then.
Unknown command.
You hit Terence but do no damage. Terence closely misses you.
You barely miss Terence.
Terence asks, "Do you want it fast or slow?"
Terence barely misses you.
You hit Terence but do no damage. Terence closely misses you.
You hit Terence but do no damage. Terence hits you with a +0 flail!
Really walk into that cloud of poison gas?
You are engulfed in poison gas.
You are lethally poisoned!
* * * LOW HITPOINT WARNING * * *
You die...

.# #........§§§§§§☼§§§§§○..#.....
.#####....##.§§§☼☼§§§§§§§..#.####
.......†..####☼☼☼§§§☼§§§§..#.#.##
########### #☼§§§☼§§§§§####.#...
#§§§☼§§§§§§####.#.##
#○§§§§§§☼§§#........
############§§@§○§§§§☼#........
#.......§§§§§§§>§§§§§○#........
#.######§§§§§§@§☼☼○§§§######.##
#.# #§§§§§§§☼○§○§§§# #.# #.#
#☼§§○§§§○§######### #.# #.#
#§§§§§§§§§# #.....# #.# #.#
#☼§§§§§§§§# #.....# #.##
###.######§§§§§§○§§# #.....# #...
..........§§§§○§§#§# #.....# ####
..........######.#.# #.....#
.†........# #.#.# #.....#


You could see Terence.

Vanquished Creatures
  An adder (D:2)
  2 dart slugs (D:1)
  4 endoplasms
  5 giant cockroaches (D:1)
  3 goblins
  6 hobgoblins
  3 kobolds
  A ball python (D:1)
  A bat (D:1)
  2 frilled lizards (D:1)
  2 rats (D:1)
30 creatures vanquished.

Notes
Turn   | Place    | Note
-------+----------+-------------------------------------------
     0 | D:1      | ryw the Demonspawn Monk began the quest for the Orb.
     0 | D:1      | Reached XP level 1. HP: 18/18 MP: 1/1
   257 | D:1      | Gained mutation: You have a somewhat thin skeletal
                  | structure. (Dex +2, Stealth+) [demonic ancestry]
   257 | D:1      | Reached XP level 2. HP: 12/24 MP: 2/2
   707 | D:1      | Reached skill level 4 in Fighting
  1040 | D:1      | Reached XP level 3. HP: 29/30 MP: 3/3
  1244 | D:2      | Found a faded altar of an unknown god.
  1568 | D:2      | Noticed Terence
  1582 | D:1      | Gained mutation: You are vulnerable to cold. (rC-) [potion
                  | of mutation]
  1593 | D:1      | Succumbed to their own poison gas

Illustrated notes

Levels and vault maps discovered:
D:1:      elethiomel_arrival_infinity_welcomes_careful_drivers, layout_basic
D:2:      layout_loops_ring, shapermc_ecumenical_altar_venn, minmay_unequal,
          uniq_terence

Skill      XL: |  1  2 |
---------------+-------+-----
Fighting       | 4 |  4.2
Stealth        | 2 |  2.3
Dodging        | |  2.6
Unarmed Combat | |  2.6

Action                   || total
-------------------------++-------
Melee: Unarmed           ||   117
       Punch             ||     2
       Dagger            ||     9
  Use: Potion            ||     4
       Scroll            ||     1
 Stab: Sleeping          ||    10
Armor: Robe              ||    13
Dodge: Dodged            ||    66

Table legend: (Time is in decaauts)
 A = Elapsed time spent in this place.
 B = Non-inter-level travel time spent in this place.
 C = Inter-level travel time spent in this place.
 D = Time resting spent in this place.
 E = Time spent auto-exploring this place.
 F = Levels seen in this place.
 G = Mean time per level.
                   A        B        C        D        E       F      G
               +--------+--------+--------+--------+--------+-----+--------+
         Total |   1587 |   1554 |     33 |     62 |   1220 |   2 |  793.5 |
       Dungeon |   1587 |   1554 |     33 |     62 |   1220 |   2 |  793.5 |
               +--------+--------+--------+--------+--------+-----+--------+

Top non-repeatable levels by time:
     D:1: 1247 daAuts
     D:2: 339 daAuts
